Map: Überflutete Stadt

Players

RiseAgainst - Winner!

  • Race: Terran Terran
  • League: Diamond
  • Spawn Location: 12:00

Panda - Winner!

  • Race: Zerg Zerg
  • Spawn Location: 12:00

Caxappp

  • Race: Zerg Zerg
  • League: Platinum
  • Spawn Location: 6:00

MDMouse

  • Race: Terran Terran
  • League: Platinum
  • Spawn Location: 6:00

VOD

Have the link to the VOD?

Description

Time

  • Played on: Aug. 26, 2017, 7:01 a.m.
  • Length: 7:31
Show
View Real Time Build Order
Export as new Build Order

RiseAgainst Terran - Winner!

Build Orders: Reaper Expand, MMM Bio 

Get SALT Encoding   

  12  0:00  SCV  
  13  0:13  SCV  
  14  0:18  Supply Depot  
  14  0:25  SCV  
  15  0:39  SCV  
  15  0:41  Barracks  
  16  0:46  Refinery  
  16  0:51  SCV  
  17  1:04  SCV  
  18  1:16  SCV  
  19  1:28  Orbital Command  
  19  1:31  Reaper  
  20  1:41  Supply Depot  
  20  1:54  SCV  
  20  2:00  Command Center  
  21  2:06  SCV  
  21  2:08  Factory  
  22  2:12  Marine  
  23  2:16  Refinery  
  23  2:18  SCV  
  24  2:30  SCV  
  24  2:37  Barracks Reactor  
  25  2:42  SCV  
  26  2:55  Hellion  
  26  2:57  Supply Depot  
  27  3:18  Barracks x2  
  27  3:24  Hellion x2  
  27  3:25  Barracks Tech Lab  
  31  3:33  SCV  
  32  3:46  SCV  
  32  3:47  Hellion x2  
  32  3:48  Marine  
  37  3:49  Stimpack  
  38  4:07  Marine x2  
  38  4:08  Hellion x2  
  38  4:09  Marine  
  44  4:24  Marine  
  44  4:26  Marine  
  44  4:29  Orbital Command  
  44  4:30  Hellion x2  
  48  4:48  Marine x3  
  51  4:53  Starport  
  44  5:29  Hellion x2  
  44  5:30  Marine x3  
  45  5:47  Marine  
  45  5:48  Marine  
  38  5:54  Combat Shields, Marine  
  39  5:58  Supply Depot  
  39  5:59  Medivac x2  
  39  6:03  Factory Tech Lab  
  43  6:04  SCV  
  43  6:05  Marine, SCV, Engineering Bay  
  43  6:06  Marine, Engineering Bay  
  47  6:13  Supply Depot  
  47  6:16  SCV  
  47  6:17  SCV  
  49  6:18  Marine  
  49  6:21  Siege Tank  
  53  6:26  Barracks Reactor x2  
  53  6:29  SCV x2  
  55  6:36  Medivac  
  55  6:37  Medivac  
  55  6:39  Marine  
  59  6:40  Supply Depot  
  60  7:12  Marine x3  
Show
View Real Time Build Order
Export as new Build Order

Panda Zerg - Winner!

Build Orders: Pool First, Zergling Baneling 

Get SALT Encoding   

  12  0:01  Drone  
  13  0:15  Drone  
  13  0:17  Overlord  
  14  0:36  Drone x2  
  14  0:37  Drone  
  17  0:47  Drone  
  18  0:57  Extractor  
  18  1:00  Spawning Pool  
  18  1:01  Drone  
  17  1:09  Drone  
  18  1:24  Drone  
  19  1:30  Drone  
  20  1:44  Overlord  
  20  1:54  Queen  
  20  2:00  Metabolic Boost  
  22  2:05  Hatchery  
  21  2:10  Zergling x2  
  21  2:12  Overlord  
  22  2:26  Drone  
  22  2:27  Drone  
  24  2:44  Drone  
  24  2:49  Overlord  
  24  2:59  Evolution Chamber  
  23  3:05  Baneling Nest  
  23  3:09  Zergling x8  
  25  3:14  Zergling x2  
  25  3:19  Queen  
  28  3:21  Zergling x2  
  29  3:27  Zerg Ground Armor Level 1  
  29  3:31  Zergling x4  
  31  3:37  Zergling x2  
  31  3:41  Zergling x4  
  33  3:45  Zergling x4  
  35  3:50  Baneling x3  
  31  4:08  Baneling x2  
  31  4:09  Drone x2, Zergling x4  
  28  4:19  Zergling x4  
  29  4:27  Zergling x4  
  31  4:31  Zergling x2  
  30  4:45  Zergling x2  
  29  4:49  Baneling x5  
  29  4:59  Hatchery  
  28  5:03  Drone  
  29  5:10  Drone  
  30  5:31  Drone x3  
  30  5:32  Drone  
  33  5:38  Lair  
  33  5:40  Drone  
  34  6:04  Zergling x6  
  34  6:05  Zergling x2  
  37  6:15  Zergling x4  
  37  6:19  Queen  
  37  6:25  Zergling x8  
  40  7:04  Zergling x10  
  40  7:06  Overlord x3  
Show
View Real Time Build Order
Export as new Build Order

Caxappp Zerg 

Build Orders: Hatch First, Zergling Baneling 

Get SALT Encoding   

  12  0:01  Drone  
  13  0:08  Drone  
  14  0:19  Overlord  
  14  0:23  Extractor  
  14  0:24  Drone  
  15  0:39  Drone x2  
  17  1:00  Hatchery  
  16  1:07  Drone x2  
  18  1:11  Extractor  
  17  1:28  Spawning Pool, Drone  
  17  1:29  Drone  
  18  1:38  Drone  
  19  2:03  Overlord  
  19  2:15  Queen  
  19  2:16  Queen  
  19  2:17  Metabolic Boost  
  19  2:19  Zergling x4  
  24  2:31  Zergling x6  
  27  2:38  Baneling Nest  
  26  2:47  Zergling x4  
  28  2:52  Overlord  
  28  3:14  Zergling x6  
  28  3:15  Zergling x4  
  33  3:26  Overlord  
  33  3:28  Zergling x2  
  33  3:29  Zergling x2  
  35  3:42  Baneling x2  
  35  3:43  Baneling x3  
  35  3:45  Zergling x4  
  34  4:09  Zergling x2, Baneling x4  
  31  4:10  Zergling x6  
  25  4:43  Drone x4  
  25  4:44  Drone x5  
  34  4:55  Baneling x2  
  33  5:03  Zergling x8  
  32  5:23  Zergling x10, Roach Warren  
  21  5:46  Drone  
  21  5:47  Drone x2  
  17  5:55  Drone x2  
  17  5:56  Drone  
  20  6:10  Drone x2  
  22  6:27  Queen, Drone  
  22  6:30  Drone  
  24  7:06  Baneling x2  
  24  7:07  Roach, Baneling x2  
  24  7:08  Roach x5  
Show
View Real Time Build Order
Export as new Build Order

MDMouse Terran 

Build Orders:  

Get SALT Encoding   

  12  0:01  SCV  
  13  0:13  SCV  
  14  0:18  Supply Depot  
  14  0:25  SCV  
  15  0:40  SCV  
  15  0:41  Barracks  
  16  0:46  Refinery  
  16  0:52  SCV  
  17  1:04  SCV  
  18  1:11  Barracks  
  18  1:16  SCV  
  19  1:30  Barracks Reactor  
  19  1:34  Orbital Command  
  19  1:58  Barracks Reactor  
  19  2:06  SCV  
  19  2:07  Barracks, Marine  
  19  2:08  Marine  
  22  2:17  Supply Depot  
  22  2:18  SCV  
  23  2:38  Marine x4  
  23  2:44  SCV  
  28  2:48  Supply Depot  
  28  2:53  Factory  
  28  2:55  Barracks Reactor  
  28  2:56  Marine x2  
  30  3:11  Marine x2  
  32  3:14  Marine  
  32  3:17  Marine  
  34  3:29  Marine x2  
  34  3:32  Marine  
  34  3:33  Marine x2  
  38  3:35  Marine  
  38  3:38  Supply Depot  
  39  3:46  Marine  
  39  3:50  Marine x3  
  42  4:00  Marine x2  
  43  4:04  Marine  
  43  4:07  Marine  
  43  4:09  SCV  
  46  4:13  Marine x2  
  44  4:18  Marine x2  
  44  4:23  Marine  
  46  4:25  Marine  
  46  4:31  Marine  
  30  4:48  Cyclone  
  30  5:05  Marine  
  30  5:06  Marine x3  
  28  5:20  Cyclone  
  31  5:23  Marine x2  
  31  5:24  Marine x2  
  33  5:33  Barracks Tech Lab  
  32  5:41  Marine  
  32  5:42  Marine  
  34  5:52  Cyclone  
  34  5:57  Marine  
  35  5:59  Marine x2  
  35  6:14  Command Center, Marine  
  36  6:23  Marine x2  
  36  6:25  SCV  
  39  6:28  Refinery  
  39  6:31  Barracks  
  39  6:32  Marine  
  39  6:37  Starport  
  39  6:39  Factory Tech Lab  
  40  6:41  Marine  
  32  6:55  Marine x2  
  32  6:58  Siege Tank  
  32  7:00  Marine  
Tags
 
Add a new tag
Caveats
  • Supply blocks, unpowered buildings, or Contaminate may cause inaccurate times.
  • Supply counts are checked every 10 seconds.